 Dungeon Crawl Stone Soup version 0.21.1-68-g103a7af (webtiles) character file.

171 meralisa the Ruffian (level 5, -5/44 HPs)
             Began as a Naga Transmuter on Aug 1, 2018.
             Slain by Exporg's ghost (10 damage)
             ... on level 3 of the Dungeon.
             The game lasted 00:34:42 (3355 turns).

meralisa the Ruffian (Naga Transmuter)              Turns: 3355, Time: 00:34:43

Health: -5/44      AC:  1    Str: 13    XL:     5   Next: 51%
Magic:  5/9        EV: 10    Int: 13    God:
Gold:   141        SH:  0    Dex: 12    Spells: 3/9 levels left

rFire    . . .     SeeInvis +     - Unarmed
rCold    . . .     Gourm    .   (no shield)
rNeg     . . .     Faith    .   m - +0 animal skin
rPois    +         Spirit   .   n - +0 helmet (curse)
rElec    .         Reflect  .   (no cloak)
rCorr    .         Harm     .   (no gloves)
MR       .....                  (no barding)
Stlth    ++........             (no amulet)
HPRegen  0.14/turn              q - -2 ring of protection (curse)
MPRegen  0.11/turn              (no ring)

@: flying, very slow
A: large, see invisible, deformed body, poison resistance, slowness 2, slow
metabolism 1, spit poison 1, AC +1
a: Spit Poison


You were on level 3 of the Dungeon.
You were not hungry.

You visited 1 branch of the dungeon, and saw 3 of its levels.

You collected 141 gold pieces.

Inventory:

Hand Weapons
 e - a +0 club
 f - a +0 hunting sling
 h - a +0 hand axe
 o - a +0 club
Missiles
 a - 22 arrows
 g - 49 stones (quivered)
 t - 54 bolts
Armour
 b - a +0 robe
 m - a +0 animal skin (worn)
 n - a cursed +0 helmet (worn)
Magical Staves
 l - an uncursed staff of air
Jewellery
 q - a cursed -2 ring of protection (left hand)
Wands
 r - a wand of disintegration (14)
 u - a wand of paralysis (14)
Scrolls
 k - 2 scrolls of remove curse {unknown}
 w - a scroll of identify
Potions
 j - a potion of lignification {unknown}
 p - a potion of agility {unknown}
Books
 c - a book of Changes

   Spells                             Type                      Level
   a - Beastly Appendage              Transmutation                1
   b - Sticks to Snakes               Transmutation                2
   c - Spider Form                    Transmutation/Poison         3
   d - Ice Form                       Ice/Transmutation            4
   e - Blade Hands                    Transmutation                5
Comestibles
 d - 3 rations


   Skills:
 + Level 1.6 Fighting
 - Level 0.2 Throwing
 + Level 2.2 Dodging
 - Level 1.3 Stealth
 + Level 4.2 Unarmed Combat
 + Level 2.9 Spellcasting
 * Level 2.4 Transmutations
 + Level 1.2 Poison Magic


You had 3 spell levels left.
You knew the following spells:

 Your Spells              Type           Power        Failure   Level  Hunger
a - Beastly Appendage     Tmut           #.....       9%          1    #......
b - Spider Form           Tmut/Pois      #.........   32%         3    ###....
c - Sticks to Snakes      Tmut           #.......     13%         2    ###....


Dungeon Overview and Level Annotations

Branches:
Dungeon (3/15)

Altars:
Xom

Annotations:
D:3 Exporg's ghost, amateur DsBe


Innate Abilities, Weirdness & Mutations

You cannot wear boots.
Your serpentine skin is tough. (AC +1)
You have supernaturally acute eyesight. (SInv)
Armour fits poorly on your strangely shaped body.
Your system is resistant to poisons. (rPois)
You cover ground very slowly.
You have a slow metabolism.
You can spit poison.


Message History

Your ball python closely misses Exporg's ghost.
You hit Exporg's ghost.
Exporg's ghost is severely damaged.
Your ball python bites Exporg's ghost but does no damage.
Exporg's ghost completely misses you.
You hit Exporg's ghost but do no damage.
Exporg's ghost is severely damaged.
Your transformation has ended.
Your cursed +0 helmet unmelds from your body.
Your +0 animal skin unmelds from your body.
Your ball python barely misses Exporg's ghost.
Exporg's ghost hits you!
* * * LOW HITPOINT WARNING * * *
Unknown command.
It was a potion of flight.
You feel very buoyant.
You fly up into the air.
Your ball python bites Exporg's ghost but does no damage.
Exporg's ghost hits you!
You die...

.. #.####.#. #.# ##. ..
#.#..... #.# # .. ..
##.#.##.#######.# ..
........>.......# #.
##.#..#.######### #.
#.#..#.# #.. .### #.
###.#..#.#######.#
.....#.###S................
........oW@...............#
......#.##.......##########
.#### #.##.......# ..
#.##.......#### ###
#.#####.......# ####
..............# ....
#.#####.......# ....
...........#### ....
#..........# #......


You could see Exporg's ghost, an orc and a friendly ball python.

Vanquished Creatures
  Natasha (twice) (D:2)
  Robin (D:2)
  2 adders (D:2)
  A dart slug (D:1)
  2 leopard geckos (D:1)
  3 ball pythons
  2 giant cockroaches
  10 goblins
  12 hobgoblins
  7 jackals
  A quokka (D:3)
  7 bats
  4 kobolds
  6 rats
60 creatures vanquished.

Vanquished Creatures (collateral kills)
  Natasha (D:2)
  2 bats (D:2)
  A goblin (D:2)
  A kobold (D:2)
5 creatures vanquished.

Grand Total: 65 creatures vanquished

Notes
Turn   | Place    | Note
-------+----------+-------------------------------------------
     0 | D:1      | meralisa the Naga Transmuter began the quest for the Orb.
     0 | D:1      | Reached XP level 1. HP: 18/18 MP: 3/3
   159 | D:1      | Reached XP level 2. HP: 7/25 MP: 3/5
   848 | D:1      | Reached XP level 3. HP: 21/31 MP: 6/6
   875 | D:1      | Learned a level 3 spell: Spider Form
   880 | D:1      | Learned a level 2 spell: Sticks to Snakes
  1242 | D:2      | Noticed Natasha
  1259 | D:2      | Killed Natasha
  1259 | D:2      | Reached skill level 1 in Stealth
  1259 | D:2      | Reached XP level 4. HP: 22/38 MP: 1/7
  1465 | D:2      | Noticed Robin
  1492 | D:2      | Killed Robin
  1500 | D:2      | Reached skill level 4 in Unarmed Combat
  1926 | D:2      | Reached skill level 1 in Poison Magic
  2100 | D:2      | Reached XP level 5. HP: 44/44 MP: 9/9
  2115 | D:2      | Noticed Natasha
  2136 | D:2      | Killed Natasha
  2141 | D:2      | Noticed Natasha
  2483 | D:2      | Killed Natasha
  2619 | D:3      | Found a shimmering altar of Xom.
  2625 | D:3      | Noticed Exporg's ghost (amateur DsBe)
  3355 | D:3      | Slain by Exporg's ghost

Skill      XL: |  1  2  3  4  5 |
---------------+----------------+-----
Stealth        | 1 |  1.3
Unarmed Combat | 4 |  4.2
Poison Magic   | 1 |  1.2
Dodging        | 2 |  2.2
Fighting       | |  1.6
Throwing       | |  0.2
Spellcasting   | |  2.9
Transmutations | |  2.4

Action                   |  1- 3 |  4- 6 || total
-------------------------+-------+-------++-------
Melee: Unarmed           |    76 |    92 ||   168
       Headbutt          |     6 |     1 ||     7
       Punch             |       |     1 ||     1
Throw: Stone             |     5 |     4 ||     9
 Cast: Beastly Appendage |    11 |     1 ||    12
       Spider Form       |     2 |     5 ||     7
       Sticks to Snakes  |       |     8 ||     8
 Abil: Spit Poison       |    20 |    19 ||    39
Evoke: Wand              |       |     1 ||     1
  Use: Potion            |       |     2 ||     2
       Scroll            |       |     3 ||     3
  Eat: Chunk             |     2 |     6 ||     8
       Ration            |       |     1 ||     1
Armor: Robe              |    23 |     3 ||    26
       Skin              |     1 |       ||     1
       Animal skin       |       |    14 ||    14
Dodge: Dodged            |    71 |    99 ||   170
